 Dungeon Crawl Stone Soup version 0.26-b1-32-g5d43845318 (webtiles) character file.

Game seed: 15709601160893088657

137 Aviak the Insei (level 5, -4/33 HPs)
             Began as an Octopode Transmuter on Jan 12, 2021.
             Slain by a gnoll
             ... wielding a +0 halberd
              (13 damage)
             ... on level 2 of the Dungeon.
             The game lasted 00:03:35 (3186 turns).

Aviak the Insei (Octopode Transmuter)               Turns: 3186, Time: 00:03:36

Health: -4/33      AC:  1    Str:  9    XL:     5   Next: 20%
Magic:  8/8        EV: 13    Int: 16    God:
Gold:   142        SH:  0    Dex: 13    Spells: 2/8 levels left

rFire    . . .     SeeInvis .     - Unarmed
rCold    . . .     Faith    .   (no shield)
rNeg     . . .     Spirit   .   (helmet currently unavailable)
rPois    .         Reflect  .   (no amulet)
rElec    .         Harm     .   (no ring)
rCorr    .         Rampage  .   (no ring)
Will     .....                  (no ring)
Stlth    ++........             (no ring)
HPRegen  0.11/turn              (no ring)
MPRegen  0.11/turn              (no ring)
                                (no ring)
                                (no ring)

@: appendages (expiring)
A: almost no armour, stealthy swim, amphibious, 8 rings, constrict 8, tentacle
spike 3, camouflage 1, gelatinous body 1
a: End Transformation


You were on level 2 of the Dungeon.
One of your tentacles had a temporary spike.
You visited 1 branch of the dungeon, and saw 2 of its levels.

You collected 142 gold pieces.

Inventory:

Jewellery
 e - an uncursed ring of fire
 k - an uncursed amulet of guardian spirit {unknown}
Scrolls
 a - 6 scrolls of identify {unknown}
 b - a scroll of remove curse {unknown}
 d - a scroll of amnesia {unknown}
 i - 2 scrolls of blinking {unknown}
 j - a scroll of teleportation {unknown}
 l - a scroll of noise {unknown}
Potions
 c - a potion of lignification {unknown}
 f - a potion of curing {unknown}
 g - a potion of magic {unknown}
 h - a potion of heal wounds


   Skills:
 + Level 1.6 Fighting
 - Level 2.0 Dodging
 - Level 4.3 Unarmed Combat
 - Level 2.0 Spellcasting
 + Level 3.9 Transmutations


You had 2 spell levels left.
You knew the following spells:

 Your Spells              Type           Power        Failure   Level
a - Beastly Appendage     Tmut           28%          4%          1
b - Wereblood             Tmut           14%          6%          2
c - Spider Form           Tmut/Pois      3%           28%         3

Your spell library contained the following spells:

 Spells                   Type           Power        Failure   Level
 Ice Form                 Ice/Tmut       7%           67%         4
 Blade Hands              Tmut           7%           75%         5


Dungeon Overview and Level Annotations

Branches:
Dungeon (2/15)

Altars:
Ashenzari
Qazlal
Uskayaw
Wu Jian


Innate Abilities, Weirdness & Mutations

You cannot wear most types of armour.
You are very stealthy in the water. (Stealth+)
You are amphibious.
You can wear up to eight rings at the same time.
You can use your tentacles to constrict eight enemies at once.
Your skin changes colour to match your surroundings (Stealth+).
Your rubbery body absorbs attacks. (AC +1, EV +1)
One of your tentacles bears a large vicious spike.


Message History

You pierce the gnoll, but do no damage.
The gnoll is lightly wounded.
You constrict the gnoll. The gnoll hits you with a +0 whip.
You tentacle-slap the gnoll but do no damage.
You squeeze the gnoll!
The gnoll is almost dead.
You constrict the gnoll.
The gnoll hits you from afar with a +0 halberd!
The gnoll hits you with a +0 whip.
* * * LOW HITPOINT WARNING * * *
You release your grip on the gnoll.
Your transformation is almost over.
The gnoll closely misses you.
You closely miss the gnoll. Your grab misses the gnoll.
The gnoll is almost dead.
The gnoll closely misses you.
You tentacle-slap the gnoll.
You kill the gnoll!
The gnoll hits you from afar with a +0 halberd!
You die...

..##.# ...#.# .g...# ...#.#
######## ..##.# ##......## .##..#
##........## ##...###########
#..........# .............g.#####
#..........#
........######g)@..###..........#
......#....#######..............#
.....#####..### ####...........#
#...## ##...#######..........##
##### ###.......#..........##
###.................#
#.....##...........
####..##.......รท.).
#....#........<..


You could see 2 gnolls.

Vanquished Creatures
  Jessica (D:2)
  Robin (D:2)
  A gnoll (D:2)
  3 adders
  An ooze (D:1)
  2 worms (D:2)
  A dart slug (D:1)
  2 leopard geckos (D:1)
  A ball python (D:1)
  7 bats
  3 giant cockroaches
  6 hobgoblins
  9 kobolds
  A quokka (D:1)
  4 frilled lizards
  14 goblins
  6 rats
63 creatures vanquished.

Notes
Turn   | Place    | Note
-------+----------+-------------------------------------------
     0 | D:1      | Aviak the Octopode Transmuter began the quest for the Orb.
     0 | D:1      | Reached XP level 1. HP: 13/13 MP: 3/3
   164 | D:1      | Reached XP level 2. HP: 17/18 MP: 5/5
   779 | D:1      | Reached XP level 3. HP: 22/23 MP: 4/6
  1430 | D:2      | Noticed Robin
  2178 | D:2      | Reached skill level 4 in Unarmed Combat
  2178 | D:2      | Reached XP level 4. HP: 21/28 MP: 5/7
  2449 | D:2      | Learned a level 2 spell: Wereblood
  2453 | D:2      | Learned a level 3 spell: Spider Form
  2492 | D:2      | Killed Robin
  2867 | D:2      | Noticed Jessica
  2874 | D:2      | Killed Jessica
  2875 | D:2      | Reached XP level 5. HP: 22/33 MP: 6/8
  3005 | D:2      | Found a broken altar of Ashenzari.
  3106 | D:2      | Found a stormy altar of Qazlal.
  3106 | D:2      | Found a hide-covered altar of Uskayaw.
  3160 | D:2      | Found an ornate altar of the Wu Jian Council.
  3186 | D:2      | Slain by a gnoll

Illustrated notes

Levels and vault maps discovered:
D:1:      lemuel_arrival_behind_the_door_large, layout_basic,
          minmay_misc_feat_doors, minmay_quantized
D:2:      cheibrodos_old_hovel, layout_rooms, gammafunk_temple_overflow_wave,
          lemuel_coloured_pillars_altar, lemuel_round_altar, uniq_jessica,
          uniq_robin

Skill      XL: |  1  2  3 |
---------------+----------+-----
Transmutations | 3 |  3.9
Unarmed Combat | 4 |  4.3
Fighting       | |  1.6
Dodging        | |  2.0
Spellcasting   | |  2.0

Action                   |  1- 3 |  4- 6 || total
-------------------------+-------+-------++-------
Melee: Unarmed           |    99 |    57 ||   156
       Constrict         |    22 |    18 ||    40
       Tentacles         |    22 |     8 ||    30
       Kick              |    12 |    10 ||    22
       Punch             |     2 |     3 ||     5
 Cast: Beastly Appendage |    15 |     9 ||    24
  Use: Potion            |     1 |       ||     1
 Stab: Sleeping          |     5 |     1 ||     6
Armor: Skin              |     5 |     5 ||    10
Dodge: Dodged            |    90 |    25 ||   115
